 Dungeon Crawl Stone Soup version 0.32-a0-360-gcd93b57ba1 (webtiles) character file.

Game seed: 7966916777518997725

153 Goblin1989 the Sneak (level 5, -1/41 HPs)
             Began as a Demonspawn Delver on Feb 18, 2024.
             Was an Elder of Uskayaw.
             Slain by a bombardier beetle (2 damage)
             ... on level 3 of the Dungeon.
             The game lasted 00:07:17 (2614 turns).

Goblin1989 the Sneak (Demonspawn Delver)            Turns: 2614, Time: 00:07:18

Health: -1/41      AC:  5    Str: 13    XL:     5   Next: 12%
Magic:  5/5        EV: 12    Int: 10    God:    Uskayaw [****..]
Gold:   87         SH:  0    Dex: 16    Spells: 4/4 levels left

rFire   . . .        a - +0 short sword
rCold   . . .        (no shield)
rNeg    . . .        b - +0 leather armour
rPois   +            (no helmet)
rElec   .            p - +0 cloak
rCorr   .            (no gloves)
SInv    .            (no boots)
Will    +....        (no amulet)
Stlth   ++           h - ring of willpower
HPRegen 0.26/turn    l - ring of poison resistance
MPRegen 0.09/turn

%: no passive effects
@: on fire, glowing
A: powered by death 1, spiny 1, sharp scales 1
a: Renounce Religion, Stomp, Line Pass


You were on level 3 of the Dungeon.
You worshipped Uskayaw.
Uskayaw was noncommittal.
You visited 2 branches of the dungeon, and saw 6 of its levels.

You collected 87 gold pieces.

Inventory:

Hand Weapons
 a - a +0 short sword (weapon)
Armour
 b - a +0 leather armour (worn)
 p - a +0 cloak (worn)
Jewellery
 h - a ring of willpower (left hand)
 l - a ring of poison resistance (right hand)
Wands
 g - a wand of digging (3) {@v3}
Scrolls
 c - a scroll of fog
 d - 2 scrolls of revelation
 e - a scroll of fear
 j - a scroll of blinking {unknown}
 k - a scroll of amnesia {unknown}
 r - 2 scrolls of torment {unknown}
 s - 3 scrolls of noise {unknown}
 t - a scroll of teleportation {unknown}
 u - a scroll of identify {unknown}
 w - a scroll of vulnerability {unknown}
Potions
 f - 2 potions of haste {@q3,}
 m - a potion of berserk rage {unknown}
 n - a potion of cancellation {unknown}
 o - a potion of curing {unknown}
 q - a potion of lignification {unknown}
 v - a potion of brilliance {unknown}


   Skills:
 * Level 3.5 Fighting
 + Level 2.1 Short Blades
 * Level 2.5 Dodging
 - Level 6.0 Stealth
 + Level 0.7 Invocations


You had 4 spell levels left.
You didn't know any spells.
Your spell library contained the following spells:

 Spells                   Type           Power      Damage    Failure   Level
 Necrotise                Necr           0%         1d4       43%         1
 Inner Flame              Hex/Fire       0%         N/A       82%         3
 Vampiric Draining        Necr           0%         2d6       82%         3
 Flame Wave               Conj/Fire      0%         2d4       99%         4
 Martyr's Knell           Necr/Summ      0%         N/A       99%         4
 Sticky Flame             Fire/Alch      0%         2d4       99%         4
 Curse of Agony           Necr           0%         N/A       100%        5


Dungeon Overview and Level Annotations

Branches:
Dungeon (5/15) Zot: 24984  Temple (1/1) D:4 Zot: 5944

Altars:
Cheibriados
Dithmenos
Fedhas
Gozag
Kikubaaqudgha
Makhleb
Nemelex Xobeh
Okawaru
Qazlal
Trog
Uskayaw
Vehumet
Wu Jian


Innate Abilities, Weirdness & Mutations

You regenerate a little health from kills.
You are partially covered in sharp spines.
You are partially covered in razor-sharp scales. (AC +1, Slay +1)


Message History

* * * LOW HITPOINT WARNING * * *
The adder is struck by your spines. The adder closely misses you.
The adder is struck by your spines.
You kill the adder!
You regained 3 hp, and now have 15/41 hp.
You bump into the rock wall.
The liquid fire burns you!
* * * LOW HITPOINT WARNING * * *
You regained 3 hp, and now have 18/41 hp.
The ribbon worm expels a string of sticky webbing.
The stream of webbing misses you.
You see here an adder corpse.
You regained 5 hp, and now have 23/41 hp.
You closely miss the ribbon worm.
You feel less invigorated.
You feel less confused. The ribbon worm barely misses you.
You regained 4 hp, and now have 27/41 hp.
You completely miss the ribbon worm.
The ribbon worm is struck by your spines.
The ribbon worm bites you.
You take 4 damage, and have 23/41 hp.
You hit the ribbon worm.
The ribbon worm is moderately wounded.
You hit the ribbon worm.
The ribbon worm is heavily wounded.
The ribbon worm closely misses you.
You hit the ribbon worm but do no damage.
The ribbon worm is moderately wounded.
The ribbon worm expels a string of sticky webbing.
The stream of webbing hits you but does no damage.
You are caught in a web!
The web tears apart.
The ribbon worm misses you.
You hit the ribbon worm.
The ribbon worm is heavily wounded.
You hit the ribbon worm.
The ribbon worm is heavily wounded.
The ribbon worm barely misses you.
You hit the ribbon worm.
The ribbon worm is heavily wounded.
The ribbon worm closely misses you.
You barely miss the ribbon worm.
The ribbon worm is heavily wounded.
You hit the ribbon worm.
The ribbon worm is severely wounded.
The ribbon worm bites you!
* * * LOW HITPOINT WARNING * * *
Uskayaw will force your foes to helplessly watch your dance.
Uskayaw prepares the audience for your solo!
You take 7 damage, and have 18/41 hp.
The helpless ribbon worm fails to defend itself.
You impale the ribbon worm!!
You kill the ribbon worm!
The bombardier beetle is no longer paralysed.
You hit the bombardier beetle.
The bombardier beetle is moderately wounded.
You regained 2 hp, and now have 21/41 hp.
You hit the bombardier beetle.
The bombardier beetle is moderately wounded.
The bombardier beetle is struck by your spines.
The bombardier beetle bites you.
You barely miss the bombardier beetle.
The bombardier beetle is heavily wounded.
You hit the bombardier beetle but do no damage.
The bombardier beetle is heavily wounded.
The bombardier beetle sprays incendiary fluid at you.
The burning spray hits you.
You are covered in liquid fire!
You hit the bombardier beetle.
The bombardier beetle is severely wounded.
The liquid fire burns you!
Uskayaw will force your foes to share their pain.
You take 2 damage, and have 19/41 hp.
Unknown command.
You barely miss the bombardier beetle.
The bombardier beetle is severely wounded.
The liquid fire burns you!
* * * LOW HITPOINT WARNING * * *
The bombardier beetle is struck by your spines.
The bombardier beetle barely misses you.
You take 3 damage, and have 16/41 hp.
You hit the bombardier beetle.
The bombardier beetle is almost dead.
The liquid fire burns you!
* * * LOW HITPOINT WARNING * * *
The bombardier beetle sprays incendiary fluid at you.
The burning spray hits you.
You are even more covered in liquid fire!
You take 6 damage, and have 10/41 hp.
You completely miss the bombardier beetle.
The bombardier beetle is almost dead.
The liquid fire burns you!
* * * LOW HITPOINT WARNING * * *
You take 4 damage, and have 6/41 hp.
You hit the bombardier beetle but do no damage.
The bombardier beetle is almost dead.
The liquid fire burns you!
* * * LOW HITPOINT WARNING * * *
The bombardier beetle bites you.
You die...
Your body falls in perfect tune with the rhythm. ██████████████ █............█ █.██████████.█ █████.███ █.█ █.......█ █@█ █.███.█.█ █B█

█.█ █.█.█ ██████.███.█
█.███.█.██...........█
......█.██.███...........
█.███.█.. ..........█████
█.█ █.███ .██....██.█ █.█
█.████ █.█.█.█ .█ █.█
█....█


███▲███ █. You could see a bombardier beetle.

Vanquished Creatures
  Terence (D:2)
  3 adders
  A ribbon worm (D:3)
  3 dart slugs
  4 endoplasms
  3 giant cockroaches
  3 goblins
  8 hobgoblins
  9 jackals
  3 quokkas
  3 ball pythons
  4 bats
  A kobold (D:1)
  6 rats
52 creatures vanquished.

Notes
Turn   | Place    | Note
-------+----------+-------------------------------------------
     0 | D:5      | Goblin1989 the Demonspawn Delver began the quest for the
                  | Orb.
     0 | D:5      | Reached XP level 1. HP: 18/18 MP: 1/1
    60 | D:4      | Found a staircase to the Ecumenical Temple.
    86 | Temple   | Entered the Ecumenical Temple
    96 | Temple   | Goblin1989: ??beogh
    96 | Temple   | beem: beogh[1/7]: The Orc god. Only Orcs can worship Beogh,
                  | although they can do so as soon as they find an orc priest
                  | to convert them. Powers include smiting, orcish allies,
                  | life saving, and water walking. Likes killing things,
                  | especially hostile priests (even of Beogh).
   156 | Temple   | Became a worshipper of Uskayaw the Reveller
   287 | D:3      | Reached * piety under Uskayaw
   325 | D:3      | Found a shadowy altar of Dithmenos.
   326 | D:3      | Found a radiant altar of Vehumet.
   350 | D:3      | Reached skill level 5 in Stealth
   350 | D:3      | Gained mutation: You regenerate a little health from kills.
                  | [demonic ancestry]
   350 | D:3      | Reached XP level 2. HP: 23/24 MP: 2/2
   380 | D:3      | Reached ** piety under Uskayaw
   626 | D:1      | Reached XP level 3. HP: 29/29 MP: 3/3
  1511 | D:2      | Reached skill level 6 in Stealth
  1662 | D:2      | Noticed Terence
  1673 | D:2      | Killed Terence
  1674 | D:2      | Gained mutation: You are partially covered in sharp spines.
                  | [demonic ancestry]
  1674 | D:2      | Reached XP level 4. HP: 24/35 MP: 4/4
  2530 | D:3      | Gained mutation: You are partially covered in razor-sharp
                  | scales. (AC +1, Slay +1) [demonic ancestry]
  2530 | D:3      | Reached XP level 5. HP: 40/41 MP: 5/5
  2604 | D:3      | Reached *** piety under Uskayaw
  2610 | D:3      | Reached **** piety under Uskayaw
  2614 | D:3      | HP: 1/41 [burnt (5)]
  2614 | D:3      | Slain by a bombardier beetle

Illustrated notes

Levels and vault maps discovered:
D:1:      saegor_arrival_simple_e, layout_basic, minmay_pentomino_p4
D:2:      layout_basic, uniq_terence
D:3:      layout_loops_ring, mainiacjoe_overflow_divided_tiny,
          shapermc_ecumenical_altar_notcrosses
D:4:      layout_gridville, minmay_temple_entry_stoned_glass,
          serial_library_hellmonk_narrow_alcove
D:5:      layout_loops_ring, grunt_temple_overflow_open,
          gammafunk_ghost_abyssal_escape, chequers_serial_rivers_room_a
Temple:   compressed_dpeg_triangle_lava_temple

Skill      XL: |  1  2  3  4 |
---------------+-------------+-----
Stealth        | 5 6 |  6.0
Dodging        | 2 |  2.5
Short Blades   | 2 |  2.1
Fighting       | |  3.5
Invocations    | |  0.7

Action                     |  1- 3 |  4- 6 || total
---------------------------+-------+-------++-------
  Melee: Short sword       |   141 |    57 ||   198
    Use: Potion            |       |     1 ||     1
   Stab: Sleeping          |    10 |     6 ||    16
         Paralysed         |       |     1 ||     1
 Armour: Leather armour    |    65 |    19 ||    84
  Dodge: Dodged            |    84 |    23 ||   107

Table legend: (Time is in decaauts)
 A = Elapsed time spent in this place.
 B = Non-inter-level travel time spent in this place.
 C = Inter-level travel time spent in this place.
 D = Time resting spent in this place.
 E = Time spent auto-exploring this place.
 F = Levels seen in this place.
 G = Mean time per level.
                   A        B        C        D        E       F      G
               +--------+--------+--------+--------+--------+-----+--------+
         Total |   2598 |   2547 |     51 |    155 |   1680 |   6 |  433.0 |
       Dungeon |   2542 |   2516 |     26 |    155 |   1680 |   5 |  508.4 |
        Temple |     55 |     30 |     25 |      0 |      0 |   1 |   55.0 |
               +--------+--------+--------+--------+--------+-----+--------+

Top non-repeatable levels by time:
     D:2: 1091 daAuts
     D:1: 893 daAuts
     D:3: 329 daAuts
     D:4: 225 daAuts
  Temple: 55 daAuts
     D:5: 3 daAuts
